 Dungeon Crawl Stone Soup version 0.24-a0-446-g87df7205b4 (webtiles) character file.

Game seed: 11131560260177331809

7747 vurker the Grappler (level 11, -7/110 HPs)
             Began as a Troll Fighter on June 23, 2019.
             Was a High Priest of Okawaru.
             Mangled by a fire crab (15 damage)
             ... on level 11 of the Dungeon.
             The game lasted 00:22:47 (9968 turns).

vurker the Grappler (Troll Fighter)                 Turns: 9968, Time: 00:22:48

Health: -7/110     AC: 19    Str: 26    XL:     11   Next: 0%
Magic:  15/15      EV:  6    Int:  4    God:    Okawaru [*****.]
Gold:   414        SH:  9    Dex: 12    Spells: 10/10 levels left

rFire    . . .     SeeInvis .     - Unarmed
rCold    + + +     Gourm    +   b - +0 shield
rNeg     . . .     Faith    .   y - +6 ice dragon scales "Cybbirch" {rF- rC++ MR+}
rPois    +         Spirit   .   (helmet restricted)
rElec    +         Reflect  .   (no cloak)
rCorr    +         Harm     .   (gloves unavailable)
MR       ++...                  (boots unavailable)
Stlth    ..........             (no amulet)
HPRegen  0.68/turn              g - ring of resist corrosion
MPRegen  0.14/turn              l - ring of protection from magic

@: resistant
A: large, unfitting armour, claws 3, fast metabolism 3, gourmand, regeneration
1, shaggy fur 1, tough skin 3
a: Heroism, Finesse, Renounce Religion


You were on level 11 of the Dungeon.
You worshipped Okawaru.
Okawaru was extremely pleased with you.
You were completely stuffed.

You visited 1 branch of the dungeon, and saw 10 of its levels.

You collected 414 gold pieces.

Inventory:

Missiles
 z - 5 throwing nets (quivered) {!f}
Armour
 a - a +1 robe
 b - a +0 shield (worn)
 y - the +6 ice dragon scales "Cybbirch" (worn) {rF- rC++ MR+}
   (Okawaru gifted it to you on level 8 of the Dungeon)

   It makes you vulnerable to fire.
   It greatly protects you from cold.
   It affects your resistance to hostile enchantments.
Jewellery
 g - a ring of resist corrosion (left claw)
   (You found it on level 4 of the Dungeon)
 l - a ring of protection from magic (right claw)
   (You found it on level 4 of the Dungeon)
Wands
 d - a wand of iceblast (11)
   (You took it off Ijyb on level 4 of the Dungeon)
 u - a wand of paralysis (1)
   (You found it on level 3 of the Dungeon)
 x - a wand of acid (10)
   (You found it on level 7 of the Dungeon)
Scrolls
 c - a scroll of magic mapping
 i - a scroll of fear
 j - 6 scrolls of remove curse {@r2}
 o - a scroll of enchant armour
Potions
 f - a potion of flight {unknown}
 h - 3 potions of mutation {!q}
 m - 2 potions of resistance
 n - 3 potions of curing {@q1}
 p - 3 potions of brilliance {unknown}
 q - 2 potions of agility
 r - a potion of heal wounds {unknown}
 s - 2 potions of degeneration {unknown}
 t - a potion of magic {unknown}
 v - a potion of lignification {unknown}
 w - 3 potions of haste {@q3}
 A - a potion of might
Comestibles
 e - 12 rations {!d}
 C - 11 chunks of flesh


   Skills:
 + Level 7.7 Fighting
 - Level 2.4 Dodging
 - Level 2.4 Shields
 * Level 12.1 Unarmed Combat
 + Level 7.3 Invocations


You had 10 spell levels left.
You didn't know any spells.
Your spell library contained the following spells:

 Spells                   Type           Power        Failure   Level  Hunger
 Animate Skeleton         Necr           N/A          100%        1    ##.....
 Apportation              Tloc           #.....       100%        1    ##.....
 Confusing Touch          Hex            #.....       100%        1    ##.....
 Summon Small Mammal      Summ           #...         100%        1    ##.....
 Confuse                  Hex            #.......     100%        3    ####...
 Gell's Gravitas          Tloc           #.........   100%        3    ####...
 Petrify                  Tmut/Erth      #.......     100%        4    #####..
 Metabolic Englaciation   Hex/Ice        #.........   100%        5    ######.
 Yara's Violent Unravell  Hex/Tmut       #.........   100%        5    ######.


Dungeon Overview and Level Annotations

Branches:
Dungeon (9/15)             Temple (0/1) D:6
   Lair: D:8-11         Orc: D:9-12

Altars:
Cheibriados
Dithmenos
Elyvilon
Gozag
Hepliaklqana
Kikubaaqudgha
Okawaru
Qazlal
Sif Muna
Yredelemnul

Shops:
D:5 =

Annotations:
D:8 3 runed translucent doors, exclusion: oklob plant


Innate Abilities, Weirdness & Mutations

You are too large for most types of armour.
You have claws for hands.
Your metabolism is lightning-fast.
You like to eat raw meat.
Your natural rate of healing is unusually fast.
You are covered in fur. (AC +1)
You have extremely tough skin. (AC +3)


Message History

Okawaru accepts your kill.
You have reached level 11!
Cornered, the fire crab turns to fight!
You see here a deep dwarf skeleton.
The fire crab breathes flames at you. The blast of flame engulfs you!
The fire burns you terribly!
Found a deep dwarf skeleton.
You are engulfed in blazing flames.
You scratch the fire crab.
You are engulfed in blazing flames.
The fire crab bites you but does no damage.
The fire crab claws you but does no damage.
You barely miss the fire crab.
You are engulfed in blazing flames.
* * * LOW HITPOINT WARNING * * *
A fire crab comes into view.
You block the fire crab's attack. The fire crab claws you!
* * * LOW HITPOINT WARNING * * *
You are engulfed in flames!!
The fire burns you terribly!
* * * LOW HITPOINT WARNING * * *
You feel protected. The fire crab bites you.
* * * LOW HITPOINT WARNING * * *
You are engulfed in flames!
* * * LOW HITPOINT WARNING * * *
The fire crab claws you but does no damage.
Wear which item? (? for menu, Esc to quit)
The entropy weaver mumbles some strange words.
The fire crab breathes flames at you.
The blast of flame engulfs the fire crab but does no damage.
You block the fire crab's attack.
Keep disrobing? [Y]es or [N]o only, please.
Keep disrobing? [Y]es or [N]o only, please.
Keep disrobing? [Y]es or [N]o only, please.
Keep disrobing? [Y]es or [N]o only, please.
Keep disrobing? [Y]es or [N]o only, please.
Keep disrobing? [Y]es or [N]o only, please.
Keep disrobing? [Y]es or [N]o only, please.
Keep disrobing? [Y]es or [N]o only, please.
Keep disrobing?
You stop removing your armour.
The fire crab claws you.
* * * LOW HITPOINT WARNING * * *
You are engulfed in flames!
You die...

at..÷.†..#
########÷#
#a# #○#
#○# #t#
#○#
########○#
.t○○☼☼t@○#
##########


You could see an entropy weaver and 3 fire crabs.

Vanquished Creatures
  Harold (D:8)
  A fire crab (D:11)
  Pikel (D:8)
  Joseph (D:7)
  A troll (D:8)
  Prince Ribbit (D:6)
  3 hippogriffs
  A spriggan (D:7)
  2 wyverns
  Menkaure (D:7)
  A water moccasin (D:5)
  Duvessa (D:4)
  An orc warrior (D:8)
  2 sky beasts (D:5)
  2 hornet zombies
  2 slaves
  7 ogres
  A necrophage (D:8)
  4 centaurs
  2 big kobolds
  2 bullfrogs (D:6)
  Dowan (D:4)
  3 scorpions
  13 killer bees
  4 wights (D:8)
  4 howler monkeys
  A crimson imp (D:5)
  A quasit (D:7)
  4 hounds
  6 jellies
  3 orc priests
  8 orc wizards
  A centaur skeleton (D:4)
  Terence (D:2)
  Ijyb (D:4)
  Natasha (thrice) (D:3)
  3 iguanas
  3 worker ants
  Robin (D:4)
  A gnoll (D:1)
  11 adders
  A shadow imp (D:8)
  10 oozes (D:8)
  4 worms
  3 dart slugs
  3 leopard geckos
  29 orcs
  6 bats
  6 giant cockroaches
  18 goblins
  5 hobgoblins
  9 jackals
  6 quokkas
  7 frilled lizards
  13 kobolds
  A leopard gecko skeleton (D:4)
  A quokka zombie (D:5)
  6 rats
239 creatures vanquished.

Vanquished Creatures (others)
  A human simulacrum (D:11)
  9 fungi (D:8)
10 creatures vanquished.

Grand Total: 249 creatures vanquished

Notes
Turn   | Place    | Note
-------+----------+-------------------------------------------
     0 | D:1      | vurker the Troll Fighter began the quest for the Orb.
     0 | D:1      | Reached XP level 1. HP: 22/22 MP: 0/0
    83 | D:1      | Reached XP level 2. HP: 29/29 MP: 1/1
   281 | D:1      | Reached skill level 3 in Unarmed Combat
   342 | D:1      | Reached XP level 3. HP: 36/36 MP: 2/2
   883 | D:2      | Reached skill level 4 in Unarmed Combat
   883 | D:2      | Reached XP level 4. HP: 23/45 MP: 3/3
   989 | D:2      | Noticed Terence
   999 | D:2      | Killed Terence
  1053 | D:2      | Found a shadowy altar of Dithmenos.
  1090 | D:2      | Reached XP level 5. HP: 53/53 MP: 4/4
  1401 | D:2      | Found an iron altar of Okawaru.
  1541 | D:2      | Became a worshipper of Warmaster Okawaru
  1591 | D:3      | Reached skill level 5 in Unarmed Combat
  1591 | D:3      | Reached skill level 1 in Invocations
  1894 | D:3      | Reached XP level 6. HP: 53/61 MP: 5/5
  2279 | D:3      | Found a basalt altar of Yredelemnul.
  2327 | D:3      | Found a hazy altar of Hepliaklqana.
  2500 | D:3      | Noticed Natasha
  2504 | D:3      | Killed Natasha
  2656 | D:3      | Found a basalt altar of Yredelemnul.
  2667 | D:3      | Found a hazy altar of Hepliaklqana.
  3460 | D:3      | Found a basalt altar of Yredelemnul.
  3496 | D:3      | Found a hazy altar of Hepliaklqana.
  4351 | D:4      | Found a stormy altar of Qazlal.
  4384 | D:4      | Noticed Robin
  4393 | D:4      | Killed Robin
  4497 | D:4      | Reached skill level 6 in Unarmed Combat
  4520 | D:4      | Reached XP level 7. HP: 66/70 MP: 7/7
  4545 | D:4      | Noticed Ijyb
  4554 | D:4      | Killed Ijyb
  4554 | D:4      | Reached * piety under Okawaru
  4960 | D:4      | Noticed Dowan
  4970 | D:4      | Noticed Duvessa
  4985 | D:4      | Killed Dowan
  5020 | D:4      | Killed Duvessa
  5300 | D:3      | Noticed Natasha
  5305 | D:3      | Killed Natasha
  5440 | D:3      | Noticed Natasha
  5445 | D:3      | Killed Natasha
  5549 | D:5      | Entered Level 5 of the Dungeon
  5617 | D:5      | Reached skill level 7 in Unarmed Combat
  5683 | D:5      | Reached XP level 8. HP: 79/79 MP: 9/9
  5760 | D:5      | Found a white marble altar of Elyvilon.
  5848 | D:5      | Reached skill level 5 in Fighting
  5902 | D:5      | Found Vuocaik's Jewellery Shop.
  5992 | D:6      | Reached ** piety under Okawaru
  5992 | D:6      | Reached skill level 8 in Unarmed Combat
  6079 | D:6      | Found a snail-covered altar of Cheibriados.
  6194 | D:6      | Noticed Prince Ribbit
  6226 | D:6      | Killed Prince Ribbit
  6292 | D:6      | Found a staircase to the Ecumenical Temple.
  6618 | D:6      | Reached XP level 9. HP: 62/88 MP: 11/11
  6621 | D:6      | Reached skill level 9 in Unarmed Combat
  6889 | D:7      | Noticed Menkaure
  7168 | D:7      | Noticed Joseph
  7175 | D:7      | Reached *** piety under Okawaru
  7241 | D:7      | Killed Joseph
  7241 | D:7      | Reached skill level 5 in Invocations
  7331 | D:7      | Killed Menkaure
  7402 | D:7      | Reached skill level 10 in Unarmed Combat
  7657 | D:7      | Found an opulent altar of Gozag.
  7848 | D:7      | Reached **** piety under Okawaru
  8050 | D:7      | Found an ancient bone altar of Kikubaaqudgha.
  8050 | D:7      | Found a deep blue altar of Sif Muna.
  8153 | D:8      | Noticed a troll
  8168 | D:8      | Killed a troll
  8320 | D:8      | Reached XP level 10. HP: 100/100 MP: 13/13
  8673 | D:8      | Found a runed translucent gate.
  8673 | D:8      | Found a runed translucent gate.
  8673 | D:8      | Found a runed translucent gate.
  8674 | D:8      | Noticed a green ugly thing
  8674 | D:8      | Noticed a purple ugly thing
  8675 | D:8      | Noticed a red ugly thing
  8761 | D:8      | Noticed an oklob plant
  8932 | D:8      | Reached skill level 11 in Unarmed Combat
  8997 | D:8      | Noticed Pikel
  9109 | D:8      | Noticed Harold
  9116 | D:8      | Killed Harold
  9116 | D:8      | Reached ***** piety under Okawaru
  9116 | D:8      | Received a gift from Okawaru
  9119 | D:8      | Got bloodstained ice dragon scales {god gift}
  9165 | D:7      | Identified the +6 ice dragon scales "Cybbirch" {rF- rC++
                  | MR+} (Okawaru gifted it to you on level 8 of the Dungeon)
  9243 | D:8      | Killed Pikel
  9867 | D:9      | Reached skill level 12 in Unarmed Combat
  9952 | D:9      | You fall into a shaft and drop 2 floors!
  9953 | D:11     | Noticed a fire crab
  9953 | D:11     | Noticed a fire crab
  9953 | D:11     | Noticed a fire crab
  9955 | D:11     | Noticed an entropy weaver
  9956 | D:11     | Killed a fire crab
  9956 | D:11     | Reached XP level 11. HP: 110/110 MP: 15/15
  9966 | D:11     | Noticed a fire crab
  9968 | D:11     | Mangled by a fire crab

Levels and vault maps discovered:
D:1:      dpeg_arrival_simpleton_c, layout_loops_ring, lemuel_flame_loot_1
D:2:      layout_basic, nicolae_dithmenos_shadow_blocks, okawaru_gym_becter,
          uniq_terence
D:3:      minmay_recursive_quarters, layout_loops_corners,
          yredelemnul_altar_generic, lemuel_doored_altar,
          minmay_misc_feat_columns, uniq_natasha
D:4:      layout_cave_pods, lemuel_crystal_altar,
          chequers_serial_rivers_small_b, uniq_duvessa, uniq_robin, uniq_ijyb
D:5:      layout_basic, old_standard_altar, first_ration, serial_shops,
          nicolae_shop_stone
D:6:      layout_gridville, minmay_temple_entry_from_below_a,
          kennysheep_slug_shrine, uniq_prince_ribbit1
D:7:      layout_gridville, gammafunk_temple_overflow_wave, serial_glass,
          glass_columns_a, glass_columns_a, the_bakery, grunt_gozag_breadcrumbs,
          uniq_menkaure, uniq_joseph
D:8:      lemuel_slime, layout_loops_ring,
          ploomutoo_gammafunk_ghost_potion_laboratory, uniq_pikel, uniq_harold
D:9:      layout_cave_pools, lemuel_round_altar, erik_lair_dragon,
          nicolae_ru_the_path_less_chosen
D:11:     gammafunk_mikee_crab_dinner, layout_loops_ring, serial_shops,
          kennysheep_little_box, bh_circular_ruins, uniq_erica, uniq_snorg,
          uniq_josephine, uniq_urug

Skill      XL: |  1  2  3  4  5  6  7  8  9 10 |
---------------+-------------------------------+-----
Unarmed Combat | 3 4 5 6 7 8 10 12 | 12.1
Fighting       | 3 4 5 6 7 |  7.7
Invocations    | 1 2 3 4 6 7 |  7.3
Dodging        | |  2.4
Shields        | |  2.4

Action                   |  1- 3 |  4- 6 |  7- 9 | 10-12 || total
-------------------------+-------+-------+-------+-------++-------
Melee: Unarmed           |    46 |   191 |   291 |   195 ||   723
Invok: Heroism           |       |       |     4 |     3 ||     7
Evoke: Wand              |       |       |     5 |     1 ||     6
  Use: Scroll            |       |     9 |     3 |     3 ||    15
       Potion            |       |       |     2 |     2 ||     4
 Stab: Sleeping          |       |     1 |     2 |       ||     3
       Paralysed         |       |       |     2 |       ||     2
  Eat: Chunk             |     7 |    33 |    35 |    15 ||    90
       Ration            |       |     2 |       |       ||     2
Armor: Robe              |    12 |    47 |    70 |    16 ||   145
       Ice dragon scales |       |       |       |    49 ||    49
Dodge: Dodged            |     6 |    47 |    97 |    55 ||   205
Block: Shield            |    19 |    75 |   130 |    66 ||   290

Table legend:
 A = Non-vault XP
 B = Vault XP
 C = Vault XP percentage of total XP
 D = Non-vault monster count
 E = Vault monster count
 F = Vault count percentage of total count
                 A         B        C        D         E       F
            +---------+---------+-------+---------+---------+-------
      Total |    7013 |    4055 |  36.6 |     192 |      45 |  19.0
            +---------+---------+-------+---------+---------+-------
        D:1 |      49 |       0 |   0.0 |      19 |       0 |   0.0
        D:2 |     171 |      36 |  17.4 |      15 |       1 |   6.2
        D:3 |     222 |      70 |  24.0 |      27 |       6 |  18.2
        D:4 |     416 |     293 |  41.3 |      21 |      16 |  43.2
        D:5 |     754 |       0 |   0.0 |      14 |       0 |   0.0
        D:6 |     953 |     287 |  23.1 |      25 |       2 |   7.4
        D:7 |    1031 |     855 |  45.3 |      14 |       3 |  17.6
        D:8 |    2144 |    1754 |  45.0 |      32 |      16 |  33.3
        D:9 |    1273 |       0 |   0.0 |      25 |       0 |   0.0
       D:11 |       0 |     760 | 100.0 |       0 |       1 | 100.0
            +---------+---------+-------+---------+---------+-------
